3L
HARTFORD WHALERS @ KINGSTON TOWNSHIP LEGION
07/05/2023
 
TOP OF THE 1ST
Hartford Whalers batting - Pitching for Kingston Township Legion : LHP Shigemasa Horiuchi
Pitching: LHP Shigemasa Horiuchi
Batting: RHB Dave O'Day 0-0: Called Strike
0-1: Ball
1-1: Ball
2-1: Ball
3-1: Called Strike
3-2: Strikes out swinging
Batting: RHB Javier Díaz 0-0: Ball
1-0: Called Strike
1-1: Called Strike
1-2: Strikes out swinging
Batting: RHB Juan Tapia 0-0: Ball
1-0: Called Strike
1-1: Swinging Strike
1-2: Strikes out looking
Top of the 1st over - 0 run(s), 0 hit(s), 0 error(s), 0 left on base; Hartford 0 - Kingston Township 0
BOTTOM OF THE 1ST
Kingston Township Legion batting - Pitching for Hartford Whalers : LHP Jack King
Pitching: LHP Jack King
Batting: LHB Forrest McCooke 0-0: Bunt missed!
0-1: Foul Ball, location: 2F
0-2: Foul Ball, location: 2F
0-2: Ball
1-2: Ground out 3-1 (Groundball, 34)
Batting: LHB Gonzalo López 0-0: Called Strike
0-1: Ball
1-1: Ball
2-1: Swinging Strike
2-2: Foul Ball, location: 2F
2-2: Strikes out swinging
Batting: RHB Layton Templeman 0-0: Called Strike
0-1: Swinging Strike
0-2: Ball
1-2: Fly out, F8 (Flyball, 8LM)
Bottom of the 1st over - 0 run(s), 0 hit(s), 0 error(s), 0 left on base; Hartford 0 - Kingston Township 0
TOP OF THE 2ND
Hartford Whalers batting - Pitching for Kingston Township Legion : LHP Shigemasa Horiuchi
Batting: RHB Román Centena 0-0: Ground out 4-3 (Groundball, 4)
Batting: RHB Joe Craig 0-0: Ball
1-0: Called Strike
1-1: Ball
2-1: Swinging Strike
2-2: Ball
3-2: Ground out 5-3 (Groundball, 5S)
Batting: RHB Michael Collins 0-0: Ball
1-0: Foul Ball, location: 2F
1-1: Called Strike
1-2: Ball
2-2: Strikes out swinging
Top of the 2nd over - 0 run(s), 0 hit(s), 0 error(s), 0 left on base; Hartford 0 - Kingston Township 0
BOTTOM OF THE 2ND
Kingston Township Legion batting - Pitching for Hartford Whalers : LHP Jack King
Batting: LHB Clay Rush 0-0: Ball
1-0: Foul Ball, location: 2F
1-1: Foul Ball, location: 2F
1-2: Ball
2-2: DOUBLE (Flyball, 9D)
Batting: RHB Akihiko Oike 0-0: Called Strike
0-1: Ball
1-1: Hit by Pitch
Batting: LHB Martín Núñes 0-0: Fly out, F7 (Line Drive, 7S)
Batting: RHB Pedro Mendoza 0-0: Grounds into double play, 6-4-3 (Groundball, 6)
Bottom of the 2nd over - 0 run(s), 1 hit(s), 0 error(s), 1 left on base; Hartford 0 - Kingston Township 0
TOP OF THE 3RD
Hartford Whalers batting - Pitching for Kingston Township Legion : LHP Shigemasa Horiuchi
Batting: RHB Brent Burgess 0-0: Ball
1-0: Foul Ball, location: 2F
1-1: Foul Ball, location: 2F
1-2: Foul Ball, location: 2F
1-2: Strikes out swinging
Batting: RHB Dave Farr 0-0: Ball
1-0: Fly out, F5 (Popup, 5F)
Batting: RHB Troy Gine 0-0: Called Strike
0-1: Foul Ball, location: 2F
0-2: Strikes out swinging
Top of the 3rd over - 0 run(s), 0 hit(s), 0 error(s), 0 left on base; Hartford 0 - Kingston Township 0
BOTTOM OF THE 3RD
Kingston Township Legion batting - Pitching for Hartford Whalers : LHP Jack King
Batting: RHB Noel Wells 0-0: Ball
1-0: Ball
2-0: Ball
3-0: Called Strike
3-1: Swinging Strike
3-2: Base on Balls
Batting: RHB Jon Erickson 0-0: Ball
1-0: Called Strike
1-1: DOUBLE (Line Drive, 78D)
Noel Wells to third
Batting: LHB Forrest McCooke 0-0: Foul Ball, location: 2F
0-1: Foul Ball, location: 2F
0-2: Ball
1-2: Strikes out swinging
Batting: LHB Gonzalo López 0-0: Ball
1-0: Ball
Wild Pitch!
Noel Wells scores
Jon Erickson to third
2-0: Called Strike
2-1: Ball
3-1: Foul Ball, location: 2F
3-2: Ground out 4-3 (Groundball, 34)
Jon Erickson scores
Batting: RHB Layton Templeman 0-0: SINGLE (Line Drive, 6M)
Batting: LHB Clay Rush 0-0: Ball
1-0: Called Strike
1-1: Swinging Strike
1-2: Fly out, F7 (Flyball, 78D)
Bottom of the 3rd over - 2 run(s), 2 hit(s), 0 error(s), 1 left on base; Hartford 0 - Kingston Township 2
TOP OF THE 4TH
Hartford Whalers batting - Pitching for Kingston Township Legion : LHP Shigemasa Horiuchi
Batting: RHB Dave O'Day 0-0: SINGLE (Groundball, 56D)
Batting: RHB Javier Díaz 0-0: Fielders Choice at 2nd, 1-4 (Groundball, 13)
Batting: RHB Juan Tapia 0-0: Called Strike
0-1: Ball
1-1: Ball
2-1: SINGLE (Line Drive, 9S)
Javier Díaz to second
Batting: RHB Román Centena 0-0: Called Strike
0-1: Ball
1-1: Fly out, F8 (Flyball, 8RXD)
Runner from 2nd tags up, SAFE at 3rd, no throw
Batting: RHB Joe Craig 0-0: Ball
1-0: Called Strike
1-1: Swinging Strike
1-2: Strikes out swinging
Top of the 4th over - 0 run(s), 2 hit(s), 0 error(s), 2 left on base; Hartford 0 - Kingston Township 2
BOTTOM OF THE 4TH
Kingston Township Legion batting - Pitching for Hartford Whalers : LHP Jack King
Batting: RHB Akihiko Oike 0-0: Ball
1-0: Foul Ball, location: 2F
1-1: SINGLE (Line Drive, 56D)
Batting: LHB Martín Núñes 0-0: Ball
1-0: Ball
2-0: SINGLE (Groundball, 23) (infield hit)
Akihiko Oike to second
Batting: RHB Pedro Mendoza 0-0: Ball
1-0: Ball
2-0: Fly out, F9 (Flyball, 9M)
Runner from 2nd tags up, OUT at 3rd
Batting: RHB Noel Wells 0-0: Ball
1-0: Foul Ball, location: 2F
1-1: Ball
2-1: Ball
3-1: Base on Balls
Martín Núñes to second
Batting: RHB Jon Erickson 0-0: Swinging Strike
0-1: Ball
1-1: Ball
2-1: DOUBLE (Line Drive, 8LM)
Martín Núñes scores
Noel Wells to third
Batting: LHB Forrest McCooke 0-0: Ball
1-0: Ball
Wild Pitch!
Noel Wells scores
Jon Erickson to third
2-0: Called Strike
2-1: Ball
3-1: Base on Balls
Batting: LHB Gonzalo López 0-0: Called Strike
0-1: Ball
1-1: Foul Ball, location: 2F
1-2: Strikes out looking
Bottom of the 4th over - 2 run(s), 3 hit(s), 0 error(s), 2 left on base; Hartford 0 - Kingston Township 4
TOP OF THE 5TH
Hartford Whalers batting - Pitching for Kingston Township Legion : LHP Shigemasa Horiuchi
Batting: RHB Michael Collins 0-0: Ball
1-0: Swinging Strike
1-1: Ball
2-1: Ball
3-1: Swinging Strike
3-2: Foul Ball, location: 2F
3-2: Fly out, F7 (Line Drive, 7M)
Batting: RHB Brent Burgess 0-0: Foul Ball, location: 2F
0-1: Foul Ball, location: 2F
0-2: Strikes out swinging
Batting: RHB Dave Farr 0-0: Ball
1-0: Ball
2-0: Foul Ball, location: 2F
2-1: Ball
3-1: Base on Balls
Batting: RHB Troy Gine 0-0: Ball
1-0: Ball
2-0: Called Strike
2-1: Ball
3-1: Base on Balls
Dave Farr to second
Batting: RHB Dave O'Day 0-0: Ball
1-0: Foul Ball, location: 2F
1-1: Ball
2-1: SINGLE (Line Drive, 9S)
Dave Farr to third
Troy Gine to second
Runner from 3rd tries for Home, SAFE, throw made home
Troy Gine to third
Dave O'Day to second
Batting: RHB Javier Díaz 0-0: Called Strike
0-1: Ball
1-1: Ball
2-1: Called Strike
2-2: Foul Ball, location: 2F
2-2: Strikes out swinging
Top of the 5th over - 1 run(s), 1 hit(s), 0 error(s), 2 left on base; Hartford 1 - Kingston Township 4
BOTTOM OF THE 5TH
Kingston Township Legion batting - Pitching for Hartford Whalers : LHP Jack King
Batting: RHB Layton Templeman 0-0: Ground out 4-3 (Groundball, 34)
Batting: LHB Clay Rush 0-0: Foul Ball, location: 2F
0-1: Ball
1-1: Ball
2-1: Swinging Strike
2-2: Ball
3-2: DOUBLE (Line Drive, 89D)
Batting: RHB Akihiko Oike 0-0: Foul Ball, location: 2F
0-1: Ground out 5-3 (Groundball, 56S)
Clay Rush to third
Batting: LHB Martín Núñes 0-0: Ball
1-0: Foul Ball, location: 2F
1-1: Ball
2-1: Swinging Strike
2-2: SINGLE (Groundball, 4MD)
Clay Rush scores
Batting: RHB Pedro Mendoza 0-0: Fly out, F6 (Line Drive, 6M)
Bottom of the 5th over - 1 run(s), 2 hit(s), 0 error(s), 1 left on base; Hartford 1 - Kingston Township 5
TOP OF THE 6TH
Hartford Whalers batting - Pitching for Kingston Township Legion : LHP Shigemasa Horiuchi
Batting: RHB Juan Tapia 0-0: Called Strike
0-1: Fly out, F8 (Flyball, 8RD)
Batting: RHB Román Centena 0-0: Ball
1-0: Called Strike
1-1: Foul Ball, location: 2F
1-2: Strikes out swinging
Batting: RHB Joe Craig 0-0: Called Strike
0-1: Foul Ball, location: 2F
0-2: Foul Ball, location: 2F
0-2: SINGLE (Groundball, 56D) (infield hit)
Pitching: RHP John Ashley
Batting: RHB Michael Collins 0-0: Called Strike
0-1: Ball
1-1: Ball
2-1: Foul Ball, location: 2F
2-2: Fly out, F7 (Flyball, 78XD)
Top of the 6th over - 0 run(s), 1 hit(s), 0 error(s), 1 left on base; Hartford 1 - Kingston Township 5
BOTTOM OF THE 6TH
Kingston Township Legion batting - Pitching for Hartford Whalers : LHP Jack King
Batting: RHB Noel Wells 0-0: Fly out, F8 (Flyball, 8LXD)
Batting: RHB Jon Erickson 0-0: Foul Ball, location: 2F
0-1: Ball
1-1: Fly out, F8 (Flyball, 8LM)
Batting: LHB Forrest McCooke 0-0: Ball
1-0: Called Strike
1-1: Foul Ball, location: 2F
1-2: Strikes out looking
Bottom of the 6th over - 0 run(s), 0 hit(s), 0 error(s), 0 left on base; Hartford 1 - Kingston Township 5
TOP OF THE 7TH
Hartford Whalers batting - Pitching for Kingston Township Legion : RHP John Ashley
Batting: RHB Brent Burgess 0-0: Ground out 3-1 (Groundball, 34S)
Batting: RHB Dave Farr 0-0: Foul Ball, location: 2F
0-1: Ball
1-1: Foul Ball, location: 2F
1-2: Ball
2-2: Foul Ball, location: 2F
2-2: Strikes out swinging
Batting: RHB Troy Gine 0-0: Called Strike
0-1: Fly out, F8 (Flyball, 8LS)
Top of the 7th over - 0 run(s), 0 hit(s), 0 error(s), 0 left on base; Hartford 1 - Kingston Township 5
BOTTOM OF THE 7TH
Kingston Township Legion batting - Pitching for Hartford Whalers : LHP Jack King
Batting: LHB Gonzalo López 0-0: Called Strike
0-1: Ground out 1-3 (Groundball, 15)
Batting: RHB Layton Templeman 0-0: Called Strike
0-1: Ball
1-1: Ball
2-1: Ball
3-1: DOUBLE (Line Drive, 78XD)
Batting: LHB Clay Rush 0-0: Ball
1-0: SINGLE (Groundball, 34)
Layton Templeman to third
Runner from 3rd tries for Home, SAFE, throw made home
Clay Rush to second
Pitching: RHP Bill Kelly
Batting: RHB Akihiko Oike 0-0: Ball
1-0: Ball
2-0: Reached on error, E6 (Groundball, 6M)
Clay Rush to third
Batting: LHB Martín Núñes 0-0: Ball
1-0: Ground out 3-1 (Groundball, 34)
Clay Rush scores
Akihiko Oike to second
Batting: RHB Pedro Mendoza 0-0: Ball
1-0: Called Strike
1-1: Foul Ball, location: 2F
1-2: Ball
2-2: Strikes out swinging
Bottom of the 7th over - 2 run(s), 2 hit(s), 1 error(s), 1 left on base; Hartford 1 - Kingston Township 7
TOP OF THE 8TH
Hartford Whalers batting - Pitching for Kingston Township Legion : RHP John Ashley
Batting: RHB Dave O'Day 0-0: Ball
1-0: Ball
2-0: Ball
3-0: Base on Balls
Batting: RHB Javier Díaz 0-0: Ball
1-0: Called Strike
1-1: Ball
2-1: SINGLE (Line Drive, 6MD)
Dave O'Day to second
Batting: RHB Juan Tapia 0-0: Ball
1-0: Ball
2-0: Foul Ball, location: 2F
2-1: Called Strike
2-2: Ball
3-2: Strikes out swinging
Batting: RHB Román Centena 0-0: Ball
1-0: TRIPLE (Flyball, 78XD)
Dave O'Day scores
Javier Díaz scores
Batting: RHB Joe Craig 0-0: Ball
1-0: Swinging Strike
1-1: Swinging Strike
1-2: Strikes out looking
Batting: RHB Michael Collins 0-0: Foul Ball, location: 2F
0-1: Foul Ball, location: 2F
0-2: Ball
1-2: Foul Ball, location: 2F
1-2: 2-RUN HOME RUN (Flyball, 78XD), Distance : 450 ft
Pitching: RHP Albert Días
Batting: RHB Brent Burgess 0-0: Called Strike
0-1: Ball
1-1: Ball
2-1: SINGLE (Groundball, 3)
Batting: RHB Dave Farr 0-0: Foul Ball, location: 2F
0-1: Ball
1-1: Ground out 6-3 (Groundball, 6)
Top of the 8th over - 4 run(s), 4 hit(s), 0 error(s), 1 left on base; Hartford 5 - Kingston Township 7
BOTTOM OF THE 8TH
Kingston Township Legion batting - Pitching for Hartford Whalers : RHP Bill Kelly
Batting: RHB Noel Wells 0-0: Called Strike
0-1: Ball
1-1: Ball
2-1: Foul Ball, location: 2F
2-2: Strikes out swinging
Batting: RHB Jon Erickson 0-0: Ball
1-0: Swinging Strike
1-1: Called Strike
1-2: Fly out, F6 (Popup, 56D)
Batting: LHB Forrest McCooke 0-0: Ball
1-0: Foul Ball, location: 2F
1-1: Ball
2-1: Called Strike
2-2: Ball
3-2: Foul Ball, location: 2F
3-2: Foul Ball, location: 2F
3-2: Base on Balls
Batting: LHB Gonzalo López 0-0: Ball
1-0: Ball
2-0: Foul Ball, location: 2F
2-1: Ball
3-1: Base on Balls
Forrest McCooke to second
Batting: RHB Layton Templeman 0-0: Foul Ball, location: 2F
0-1: Foul Ball, location: 2F
0-2: Ball
1-2: Strikes out swinging
Bottom of the 8th over - 0 run(s), 0 hit(s), 0 error(s), 2 left on base; Hartford 5 - Kingston Township 7
TOP OF THE 9TH
Hartford Whalers batting - Pitching for Kingston Township Legion : RHP Albert Días
Pitching: RHP Bruce Hamilton
Batting: RHB Troy Gine 0-0: Called Strike
0-1: Ball
1-1: Swinging Strike
1-2: Strikes out swinging
Batting: RHB Dave O'Day 0-0: Called Strike
0-1: Called Strike
0-2: Ball
1-2: Fly out, F8 (Flyball, 78S)
Batting: RHB Javier Díaz 0-0: Called Strike
0-1: SINGLE (Flyball, 7LS)
Batting: RHB Juan Tapia 0-0: Swinging Strike
0-1: Reached on error, E5 (Groundball, 56)
Javier Díaz to second
Batting: RHB Román Centena 0-0: Swinging Strike
0-1: Called Strike
0-2: Foul Ball, location: 2F
0-2: Ball
1-2: Ball
2-2: Ball
3-2: Strikes out swinging
Top of the 9th over - 0 run(s), 1 hit(s), 1 error(s), 2 left on base; Hartford 5 - Kingston Township 7
This league is powered by Out of the Park Baseball, the baseball management simulation game for PC, Mac and Linux
Friday, July 8th, 2016 - OOTP Baseball 16.9 Build 39